3A
GRAND FORKS CATERPILLARS @ NEBRASKA PLAINSMEN
07/21/2030
 
TOP OF THE 1ST
Grand Forks Caterpillars batting - Pitching for Nebraska Plainsmen : RHP Liam Thomson
Pitching: RHP Liam Thomson
Batting: LHB Mo-ruo Teoh 0-0: Ball
1-0: Called Strike
1-1: Foul Ball, location: 2F
1-2: Ground out 4-3 (Groundball, 4S)
Batting: RHB Luis Pérez 0-0: Ball
1-0: Called Strike
1-1: DOUBLE (Line Drive, 89D)
Batting: RHB Jun Kung 0-0: Called Strike
0-1: Called Strike
0-2: Strikes out looking
Batting: SHB Jorge Alou 0-0: Ground out U3 (Groundball, 3L)
Top of the 1st over - 0 runs, 1 hit, 0 errors, 1 left on base; Grand Forks 0 - Nebraska 0
BOTTOM OF THE 1ST
Nebraska Plainsmen batting - Pitching for Grand Forks Caterpillars : RHP Cristián Moreno
Pitching: RHP Cristián Moreno
Batting: RHB Matthias Ballerini 0-0: Called Strike
0-1: Foul Ball, location: 2F
0-2: Ball
1-2: Ball
2-2: Strikes out looking
Batting: RHB Troy Ross 0-0: Ball
1-0: Ball
2-0: SINGLE (Line Drive, 8LS)
Batting: LHB Gerardo Ponce de Leon 0-0: Ball
1-0: Called Strike
1-1: Ground out 4-3 (Groundball, 34D)
Troy Ross to second
Batting: RHB Phil McCroskey 0-0: Ball
1-0: Fly out, F7 (Line Drive, 7)
Bottom of the 1st over - 0 runs, 1 hit, 0 errors, 1 left on base; Grand Forks 0 - Nebraska 0
TOP OF THE 2ND
Grand Forks Caterpillars batting - Pitching for Nebraska Plainsmen : RHP Liam Thomson
Batting: RHB Hang-ki Chung 0-0: Ball
1-0: Called Strike
1-1: Foul Ball, location: 2F
1-2: Foul Ball, location: 2F
1-2: Strikes out swinging
Batting: RHB Lee Scrooby 0-0: Ball
1-0: Foul Ball, location: 2F
1-1: Reached on error, E5 (Groundball, 5)
Batting: SHB Mathis Bonnet 0-0: Called Strike
0-1: Fielders Choice at 2nd, 6-4 (Groundball, 6)
Batting: RHB Hirotada Rin 0-0: Fly out, F8 (Flyball, 8LM)
Top of the 2nd over - 0 runs, 0 hits, 1 error, 1 left on base; Grand Forks 0 - Nebraska 0
BOTTOM OF THE 2ND
Nebraska Plainsmen batting - Pitching for Grand Forks Caterpillars : RHP Cristián Moreno
Batting: LHB Bob Knutson 0-0: Fly out, F4 (Line Drive, 4)
Batting: RHB Tatsui Murakami 0-0: Ball
1-0: Swinging Strike
1-1: Swinging Strike
1-2: Foul Ball, location: 2F
1-2: Foul Ball, location: 2F
1-2: Fly out, F9 (Flyball, 89S)
Batting: RHB Lorenzo Martínez 0-0: Foul Ball, location: 2F
0-1: Ball
1-1: Swinging Strike
1-2: Ball
2-2: Foul Ball, location: 2F
2-2: Fly out, F8 (Flyball, 8LS)
Bottom of the 2nd over - 0 runs, 0 hits, 0 errors, 0 left on base; Grand Forks 0 - Nebraska 0
TOP OF THE 3RD
Grand Forks Caterpillars batting - Pitching for Nebraska Plainsmen : RHP Liam Thomson
Batting: RHB Cristián Ortíz 0-0: Fly out, F7 (Flyball, 7S)
Batting: LHB Mo-ruo Teoh 0-0: Ball
1-0: Swinging Strike
1-1: Fly out, F7 (Flyball, 7S)
Batting: RHB Luis Pérez 0-0: Ball
1-0: Called Strike
1-1: Ball
2-1: Ground out 5-3 (Groundball, 56S)
Top of the 3rd over - 0 runs, 0 hits, 0 errors, 0 left on base; Grand Forks 0 - Nebraska 0
BOTTOM OF THE 3RD
Nebraska Plainsmen batting - Pitching for Grand Forks Caterpillars : RHP Cristián Moreno
Batting: RHB Diego Martínez 0-0: Ball
1-0: Ball
2-0: Called Strike
2-1: Ball
3-1: Base on Balls
Batting: RHB Mink Molendijk 0-0: Ball
1-0: SINGLE (Line Drive, 56)
Diego Martínez to second
Pitching: RHP Carlos Cardoso
Batting: RHB Matthias Ballerini 0-0: Called Strike
0-1: 3-RUN HOME RUN (Flyball, 7LD), Distance : 366 ft
Batting: RHB Troy Ross 0-0: Ball
1-0: Ball
2-0: Swinging Strike
2-1: Ground out 6-3 (Groundball, 6M)
Batting: LHB Gerardo Ponce de Leon 0-0: Ball
1-0: Fly out, F9 (Flyball, 89S)
Batting: RHB Phil McCroskey 0-0: Called Strike
0-1: Fly out, F8 (Flyball, 8RS)
Bottom of the 3rd over - 3 runs, 2 hits, 0 errors, 0 left on base; Grand Forks 0 - Nebraska 3
TOP OF THE 4TH
Grand Forks Caterpillars batting - Pitching for Nebraska Plainsmen : RHP Liam Thomson
Batting: RHB Jun Kung 0-0: Ball
1-0: Foul Ball, location: 2F
1-1: Ball
2-1: Called Strike
2-2: Ball
3-2: Foul Ball, location: 2F
3-2: Base on Balls
Batting: SHB Jorge Alou 0-0: Ball
1-0: Called Strike
1-1: SINGLE (Flyball, 7S)
Jun Kung to second
Batting: RHB Hang-ki Chung 0-0: Ball
1-0: DOUBLE (Line Drive, 78D)
Jun Kung scores
Jorge Alou to third
Batting: RHB Lee Scrooby 0-0: Ball
1-0: Called Strike
1-1: Fly out, F9 (Flyball, 9LM)
Runner from 3rd tags up, SCORES, throw made
Batting: SHB Mathis Bonnet 0-0: Called Strike
0-1: Called Strike
0-2: Ball
1-2: Ball
2-2: Foul Ball, location: 2F
2-2: Ground out 6-3 (Groundball, 6)
Hang-ki Chung to third
Batting: RHB Hirotada Rin 0-0: Fly out, F9 (Flyball, 9LM)
Top of the 4th over - 2 runs, 2 hits, 0 errors, 1 left on base; Grand Forks 2 - Nebraska 3
BOTTOM OF THE 4TH
Nebraska Plainsmen batting - Pitching for Grand Forks Caterpillars : RHP Carlos Cardoso
Batting: LHB Bob Knutson 0-0: Ball
1-0: Ball
2-0: Ball
3-0: Called Strike
3-1: Foul Ball, location: 2F
3-2: Foul Ball, location: 2F
3-2: Base on Balls
Batting: RHB Tatsui Murakami 0-0: Ball
1-0: Ball
2-0: Called Strike
2-1: Swinging Strike
2-2: Ball
3-2: Fly out, F4 (Line Drive, 4)
Batting: RHB Lorenzo Martínez 0-0: Called Strike
0-1: Ball
1-1: Swinging Strike
1-2: Ball
2-2: SINGLE (Groundball, 34D)
Bob Knutson to second
Runner from 2nd tries for 3rd, SAFE, no throw
Batting: RHB Diego Martínez 0-0: Foul Ball, location: 2F
0-1: Foul Ball, location: 2F
0-2: Ball
1-2: Strikes out swinging
Pitching: RHP Sake van Meel
Batting: RHB Mink Molendijk 0-0: Ball
1-0: Swinging Strike
1-1: Foul Ball, location: 2F
1-2: Fly out, F5 (Popup, 25F)
Bottom of the 4th over - 0 runs, 1 hit, 0 errors, 2 left on base; Grand Forks 2 - Nebraska 3
TOP OF THE 5TH
Grand Forks Caterpillars batting - Pitching for Nebraska Plainsmen : RHP Liam Thomson
Batting: RHB Cristián Ortíz 0-0: Called Strike
0-1: Ball
1-1: Called Strike
1-2: Ball
2-2: Foul Ball, location: 2F
2-2: Foul Ball, location: 2F
2-2: Ball
3-2: Strikes out looking
Batting: LHB Mo-ruo Teoh 0-0: Called Strike
0-1: Ball
1-1: Foul Ball, location: 2F
1-2: Foul Ball, location: 2F
1-2: Strikes out swinging
Batting: RHB Luis Pérez 0-0: Called Strike
0-1: Called Strike
0-2: Ball
1-2: Ground out 6-3 (Groundball, 56)
Top of the 5th over - 0 runs, 0 hits, 0 errors, 0 left on base; Grand Forks 2 - Nebraska 3
BOTTOM OF THE 5TH
Nebraska Plainsmen batting - Pitching for Grand Forks Caterpillars : RHP Sake van Meel
Batting: RHB Matthias Ballerini 0-0: Fly out, F7 (Flyball, 7LS)
Batting: RHB Troy Ross 0-0: Ball
1-0: Foul Ball, location: 2F
1-1: Called Strike
1-2: Ball
2-2: Foul Ball, location: 2F
2-2: Ball
3-2: Foul Ball, location: 2F
3-2: Fly out, F7 (Flyball, 7D)
Batting: LHB Gerardo Ponce de Leon 0-0: Ball
1-0: Fly out, F6 (Flyball, 6D)
Bottom of the 5th over - 0 runs, 0 hits, 0 errors, 0 left on base; Grand Forks 2 - Nebraska 3
TOP OF THE 6TH
Grand Forks Caterpillars batting - Pitching for Nebraska Plainsmen : RHP Liam Thomson
Batting: RHB Jun Kung 0-0: Foul Ball, location: 2F
0-1: Ball
1-1: Ground out 6-3 (Groundball, 6)
Batting: SHB Jorge Alou 0-0: Ball
1-0: Foul Ball, location: 2F
1-1: Swinging Strike
1-2: Fly out, F4 (Popup, 34D)
Batting: RHB Hang-ki Chung 0-0: Ball
1-0: Called Strike
1-1: DOUBLE (Flyball, 89XD)
Batting: RHB Lee Scrooby 0-0: Called Strike
0-1: Ball
1-1: Ball
2-1: Swinging Strike
2-2: Ground out 6-3 (Groundball, 6)
Top of the 6th over - 0 runs, 1 hit, 0 errors, 1 left on base; Grand Forks 2 - Nebraska 3
BOTTOM OF THE 6TH
Nebraska Plainsmen batting - Pitching for Grand Forks Caterpillars : RHP Sake van Meel
Batting: RHB Phil McCroskey 0-0: Swinging Strike
0-1: Called Strike
0-2: Ball
1-2: Strikes out swinging
Batting: LHB Bob Knutson 0-0: Ball
1-0: Called Strike
1-1: Called Strike
1-2: Ball
2-2: Foul Ball, location: 2F
2-2: Ball
3-2: Strikes out swinging, 2-3 out at first.
Batting: RHB Tatsui Murakami 0-0: Foul Ball, location: 2F
0-1: Called Strike
0-2: Ball
1-2: Foul Ball, location: 2F
1-2: Ball
2-2: Foul Ball, location: 2F
2-2: Ball
3-2: Fly out, F8 (Flyball, 8RD)
Bottom of the 6th over - 0 runs, 0 hits, 0 errors, 0 left on base; Grand Forks 2 - Nebraska 3
TOP OF THE 7TH
Grand Forks Caterpillars batting - Pitching for Nebraska Plainsmen : RHP Liam Thomson
Batting: SHB Mathis Bonnet 0-0: Ball
1-0: Called Strike
1-1: Swinging Strike
1-2: Fly out, F9 (Flyball, 9D)
Batting: RHB Hirotada Rin 0-0: Ball
1-0: Called Strike
1-1: Foul Ball, location: 2F
1-2: Strikes out swinging
Batting: RHB Cristián Ortíz 0-0: Foul Ball, location: 2F
0-1: Ball
1-1: Hit by Pitch
Batting: LHB Mo-ruo Teoh 0-0: Ball
1-0: Ball
2-0: Ground out 4-3 (Groundball, 4)
Top of the 7th over - 0 runs, 0 hits, 0 errors, 1 left on base; Grand Forks 2 - Nebraska 3
BOTTOM OF THE 7TH
Nebraska Plainsmen batting - Pitching for Grand Forks Caterpillars : RHP Sake van Meel
Batting: RHB Lorenzo Martínez 0-0: Ball
1-0: Ball
2-0: Foul Ball, location: 2F
2-1: Reached on error, E5 (Groundball, 56S)
Pinch Runner at 1st Charles Mackey:
Batting: RHB Diego Martínez 0-0: Ball
Charles Mackey is caught stealing 2nd base
1-0: Foul Ball, location: 2F
1-1: Swinging Strike
1-2: Foul Ball, location: 2F
1-2: Fly out, F9 (Flyball, 9D)
Batting: RHB Mink Molendijk 0-0: DOUBLE (Popup, 4D)
Pinch Hitting: RHB David Crow 0-0: Ball
1-0: Ball
2-0: Called Strike
2-1: Foul Ball, location: 2F
2-2: Foul Ball, location: 2F
2-2: Ball
3-2: Base on Balls
Batting: RHB Troy Ross 0-0: Fielders Choice at 2nd, U6 (Groundball, 6M)
Bottom of the 7th over - 0 runs, 1 hit, 1 error, 2 left on base; Grand Forks 2 - Nebraska 3
TOP OF THE 8TH
Grand Forks Caterpillars batting - Pitching for Nebraska Plainsmen : RHP Liam Thomson
Now at SS: Charles Mackey
Now in CF: José Germán
Batting: RHB Luis Pérez 0-0: Foul Ball, location: 2F
0-1: Foul Ball, location: 2F
0-2: Foul Ball, location: 2F
0-2: Ball
1-2: Ball
2-2: Foul Ball, location: 2F
2-2: Foul Ball, location: 2F
2-2: Foul Ball, location: 2F
2-2: Strikes out swinging
Pitching: LHP Pablo Aguilar
Batting: RHB Jun Kung 0-0: Ball
1-0: Called Strike
1-1: Ball
2-1: SINGLE (Line Drive, 9LM)
Pinch Hitting: RHB Roberto Flores 0-0: Ball
1-0: Ball
2-0: Swinging Strike
2-1: Ball
3-1: Base on Balls
Jun Kung to second
Batting: RHB Hang-ki Chung 0-0: Ground out 5-3 (Groundball, 56S)
Jun Kung to third
Roberto Flores to second
Batting: RHB Lee Scrooby 0-0: Ball
1-0: Swinging Strike
1-1: Called Strike
1-2: Strikes out looking
Top of the 8th over - 0 runs, 1 hit, 0 errors, 2 left on base; Grand Forks 2 - Nebraska 3
BOTTOM OF THE 8TH
Nebraska Plainsmen batting - Pitching for Grand Forks Caterpillars : RHP Sake van Meel
Now in CF: Karsten Naarden
Batting: LHB Gerardo Ponce de Leon 0-0: Swinging Strike
0-1: Fly out, F9 (Flyball, 9)
Batting: RHB Phil McCroskey 0-0: Ball
1-0: Ball
2-0: Foul Ball, location: 2F
2-1: Ball
3-1: Base on Balls
Batting: LHB Bob Knutson 0-0: Called Strike
0-1: Swinging Strike
0-2: Strikes out swinging
Batting: RHB Tatsui Murakami 0-0: Ball
1-0: Called Strike
1-1: Called Strike
1-2: Foul Ball, location: 2F
1-2: Ball
2-2: Ball
3-2: Foul Ball, location: 2F
3-2: Base on Balls
Phil McCroskey to second
Pinch Hitting: RHB Dan Hendricks 0-0: Foul Ball, location: 2F
0-1: Called Strike
0-2: Ball
1-2: Ball
2-2: Strikes out swinging
Bottom of the 8th over - 0 runs, 0 hits, 0 errors, 2 left on base; Grand Forks 2 - Nebraska 3
TOP OF THE 9TH
Grand Forks Caterpillars batting - Pitching for Nebraska Plainsmen : LHP Pablo Aguilar
Pitching: RHP Nick Kelley
Now at C: José Muñóz
Now at 2B: Dan Hendricks
Pinch Hitting: RHB Rusty Nicholson 0-0: Called Strike
0-1: Foul Ball, location: 2F
0-2: Ground out 5-3 (Groundball, 56S)
Batting: RHB Hirotada Rin 0-0: Called Strike
0-1: Swinging Strike
0-2: Foul Ball, location: 2F
0-2: SINGLE (Line Drive, 9S)
Batting: RHB Cristián Ortíz 0-0: Called Strike
0-1: SINGLE (Line Drive, 6M)
Hirotada Rin to second
Batting: LHB Mo-ruo Teoh 0-0: Foul Ball, location: 2F
0-1: Fly out, F6 (Line Drive, 6)
Batting: RHB Luis Pérez 0-0: Fly out, F9 (Flyball, 9LMF)
Top of the 9th over - 0 runs, 2 hits, 0 errors, 2 left on base; Grand Forks 2 - Nebraska 3
Sunday, March 18th, 2018 - OOTP Baseball 18.8 Build 76